 Dungeon Crawl Stone Soup version 0.24.0-1-gfbc8707122 (webtiles) character file.

Game seed: 11227449176839968664, levelgen mode: deterministic

1507 Aviak the Ducker (level 8, -17/49 HPs)
             Began as a Tengu Skald on Oct 28, 2019.
             Was an Initiate of Ru.
             Demolished by a red ugly thing (22 damage)
             ... on level 8 of the Dungeon.
             The game lasted 00:16:28 (4881 turns).

Aviak the Ducker (Tengu Skald)                      Turns: 4881, Time: 00:16:29

Health: -17/49     AC:  9    Str: 13    XL:     8   Next: 82%
Magic:  13/13      EV: 18    Int: 13    God:    Ru [......]
Gold:   277        SH:  0    Dex: 15    Spells: 2/13 levels left

rFire    . . .     SeeInvis .   E - +3 halberd (freeze) (curse)
rCold    . . .     Gourm    .   (shield currently unavailable)
rNeg     + . .     Faith    .   n - +2 leather armour {rN+}
rPois    .         Spirit   .   (helmet restricted)
rElec    .         Reflect  .   y - +0 cloak
rCorr    .         Harm     .   (no gloves)
MR       .....                  (boots unavailable)
Stlth    ++........             (no amulet)
HPRegen  0.16/turn              e - ring of stealth
MPRegen  0.13/turn              A - +3 ring of protection

@: flying quickly and evasively, very slightly contaminated, quick
A: beak, talons 3, able to fly
a: Stop Flying, Renounce Religion


You were on level 8 of the Dungeon.
You worshipped Ru.
Ru was noncommittal.
You were not hungry.

You visited 2 branches of the dungeon, and saw 7 of its levels.

You collected 277 gold pieces.

Inventory:

Hand Weapons
 a - a +1 spear
 f - a +0 trident
 E - a cursed +3 halberd of freezing (weapon)
Armour
 b - a +0 leather armour
 c - a +0 leather armour of cold resistance
 n - a +2 leather armour of positive energy (worn)
 o - a +0 buckler
 y - a +0 cloak (worn)
Jewellery
 e - a ring of stealth (left hand)
 i - an uncursed amulet of magic regeneration {unknown}
 A - a +3 ring of protection (right hand)
 Z - an uncursed ring of see invisible
Wands
 p - a wand of random effects (19)
 u - a wand of acid (5)
 D - a wand of scattershot (1)
Scrolls
 g - a scroll of amnesia {unknown}
 h - a scroll of magic mapping
 l - a scroll of enchant weapon
 q - a scroll of fog
 r - 3 scrolls of remove curse
 s - a scroll of immolation {unknown}
 t - 2 scrolls of teleportation
 v - a scroll of enchant armour {unknown}
Potions
 j - a potion of agility
 k - 2 potions of haste {unknown}
 m - a potion of lignification {unknown}
 w - a potion of might
 z - a potion of curing {unknown}
 C - 2 potions of heal wounds {unknown}
Comestibles
 d - 9 rations


   Skills:
 - Level 5.0 Fighting
 - Level 5.1 Polearms
 - Level 1.1 Armour
 + Level 6.1 Dodging
 + Level 2.6 Shields
 - Level 3.0 Spellcasting
 - Level 4.0 Charms
 - Level 4.1 Necromancy


You had 2 spell levels left.
You knew the following spells:

 Your Spells              Type           Power        Failure   Level  Hunger
a - Infusion              Chrm           ##..         5%          1    #......
b - Song of Slaying       Chrm           ##......     9%          2    ###....
c - Regeneration          Chrm/Necr      ##........   16%         3    ###....
d - Spectral Weapon       Hex/Chrm       #.......     36%         3    ###....
e - Shroud of Golubria    Chrm/Tloc      #.....       19%         2    ###....

Your spell library contained the following spells:

 Spells                   Type           Power        Failure   Level  Hunger


Dungeon Overview and Level Annotations

Branches:
Dungeon (5/15)             Temple (1/1) D:4            Lair (0/6) D:8

Altars:
Ashenzari
Fedhas
Hepliaklqana
Kikubaaqudgha
Makhleb
Nemelex Xobeh
Qazlal
Ru
Sif Muna
Trog
Uskayaw
Vehumet
Wu Jian
Xom
Yredelemnul
Zin

Annotations:
D:4 1 runed translucent door, Aviak's ghost, amateur DrCj


Innate Abilities, Weirdness & Mutations

You have a beak for a mouth.
You have claws for feet.
You can fly continuously.


Message History

The burst of metal fragments hits the red ugly thing!
The burst of metal fragments hits the red ugly thing.
The red ugly thing is almost dead.
Evoke which item? (* to show all) (? for menu, Esc to quit)
Aiming: Scattershot
Press: ? - help, Shift-Dir - straight line, f/p - red ugly thing
Aim: a red ugly thing (almost dead)
The burst of metal fragments hits the red ugly thing.
The burst of metal fragments hits the red ugly thing but does no damage.
The burst of metal fragments hits the red ugly thing. x2
The red ugly thing is almost dead.
Evoke which item? (* to show all) (? for menu, Esc to quit)
Aiming: Corrosive Bolt
Press: ? - help, Shift-Dir - straight line, f/p - red ugly thing
Aim: a red ugly thing (almost dead)
The bolt of acid misses the red ugly thing.
The red ugly thing claws you.
* * * LOW HITPOINT WARNING * * *
You are engulfed in flames!!
You die...

##############################
....#.........'u@...>........#
....#.........#..............#
....#....##..##.........##..#####
....##...##+##..........##....#..
##....#######......##...##.......
##...#...≈...#.....#######.÷.....
##.....#...#.......(... #.......
......##P.P##[......... #.......
##..#..PPP....#........ #...####


You could see a red ugly thing.

Vanquished Creatures
  Sigmund (D:3)
  A wyvern (D:8)
  A sky beast (D:4)
  An ice beast (D:4)
  An ogre (D:4)
  A centaur (D:5)
  A scorpion (D:4)
  2 wights (D:8)
  A howler monkey (D:3)
  2 crimson imps (D:5)
  A hound (D:2)
  4 orc priests
  2 orc wizards
  Ijyb (D:3)
  Jessica (D:3)
  An iguana (D:5)
  2 worker ants (D:4)
  6 gnolls
  10 adders
  A shadow imp (D:5)
  8 worms
  A dart slug (D:3)
  A leopard gecko (D:2)
  21 orcs
  5 giant cockroaches
  5 goblins
  8 hobgoblins
  4 jackals
  2 quokkas
  A ball python (D:4)
  9 bats
  4 frilled lizards
  A jackal skeleton (D:4)
  3 kobolds
  8 rats
122 creatures vanquished.

Notes
Turn   | Place    | Note
-------+----------+-------------------------------------------
     0 | D:1      | Aviak the Tengu Skald began the quest for the Orb.
     0 | D:1      | Reached XP level 1. HP: 12/12 MP: 4/4
   208 | D:1      | Reached XP level 2. HP: 17/17 MP: 6/6
   212 | D:1      | Learned a level 2 spell: Song of Slaying
   698 | D:2      | Reached XP level 3. HP: 22/22 MP: 3/7
   730 | D:2      | Learned a level 3 spell: Regeneration
  1019 | D:2      | Reached XP level 4. HP: 17/27 MP: 3/8
  1080 | D:2      | Found a burning altar of Makhleb.
  1088 | D:2      | Reached skill level 3 in Dodging
  1350 | D:2      | Gained mutation: You can fly continuously. [Tengu growth]
  1350 | D:2      | Reached XP level 5. HP: 15/32 MP: 3/10
  2115 | D:3      | Noticed Sigmund
  2281 | D:2      | Reached XP level 6. HP: 9/37 MP: 11/11
  2792 | D:3      | Killed Sigmund
  2792 | D:3      | Reached skill level 4 in Dodging
  2792 | D:3      | Reached XP level 7. HP: 29/42 MP: 4/12
  2975 | D:3      | Noticed Jessica
  2982 | D:3      | Killed Jessica
  3090 | D:3      | Noticed Ijyb
  3110 | D:3      | Killed Ijyb
  3221 | D:4      | Reached skill level 1 in Necromancy
  3580 | D:4      | Found a runed translucent door.
  3645 | D:4      | Found a staircase to the Ecumenical Temple.
  3805 | Temple   | Entered the Ecumenical Temple
  3886 | Temple   | Became a worshipper of Ru the Awakened
  3915 | D:4      | Reached XP level 8. HP: 35/48 MP: 6/13
  3949 | D:4      | Reached skill level 5 in Polearms
  3949 | D:4      | Reached skill level 5 in Dodging
  3954 | D:4      | Learned a level 2 spell: Shroud of Golubria
  3958 | D:4      | Learned a level 3 spell: Spectral Weapon
  4169 | D:4      | Noticed Aviak's ghost (amateur DrCj)
  4291 | D:5      | Entered Level 5 of the Dungeon
  4351 | D:5      | Reached skill level 1 in Shields
  4537 | D:5      | Reached skill level 5 in Fighting
  4574 | D:5      | You are sucked into a shaft and drop 3 floors!
  4575 | D:8      | Found a staircase to the Lair.
  4791 | D:8      | Noticed a wyvern
  4800 | D:8      | Killed a wyvern
  4800 | D:8      | Reached skill level 6 in Dodging
  4804 | D:8      | Noticed a red ugly thing
  4881 | D:8      | Demolished by a red ugly thing

Levels and vault maps discovered:
D:1:      minmay_arrival_split_and_join, layout_basic
D:2:      layout_loops_ring, makhleb_heckhound_becter
D:3:      layout_rooms, first_ration, uniq_ijyb, uniq_sigmund, uniq_jessica
D:4:      layout_rooms, minmay_temple_entry_statues_pillars,
          ebering_ghost_sewer_d
D:5:      layout_rooms
D:8:      gammafunk_cloud_chamber, layout_gridville, dpeg_oklobed_lair,
          enter_bailey_2
Temple:   compressed_dpeg_triangle_lava_temple

Skill      XL: |  1  2  3  4  5  6  7  8 |
---------------+-------------------------+-----
Dodging        | 3 4 6 |  6.1
Polearms       | 3 4 5 |  5.1
Charms         | 3 4 |  4.0
Fighting       | 3 4 5 |  5.0
Spellcasting   | 3 |  3.0
Necromancy     | 2 4 |  4.1
Shields        | 2 |  2.6
Armour         | |  1.1

Action                   |  1- 3 |  4- 6 |  7- 9 || total
-------------------------+-------+-------+-------++-------
Melee: Spear             |    83 |   146 |   233 ||   462
       Kick              |    12 |    30 |    55 ||    97
       Peck              |     7 |    19 |    48 ||    74
       Halberd           |       |       |    27 ||    27
 Cast: Infusion          |     8 |    12 |    13 ||    33
       Song of Slaying   |       |     2 |     2 ||     4
       Regeneration      |       |     3 |     9 ||    12
       Shroud of Golubri |       |       |     6 ||     6
 Abil: Fly               |       |     1 |       ||     1
Evoke: Wand              |       |       |     5 ||     5
  Use: Potion            |       |     2 |       ||     2
       Scroll            |       |     6 |     4 ||    10
 Stab: Sleeping          |     1 |     3 |     3 ||     7
  Eat: Chunk             |     1 |     5 |    10 ||    16
Armor: Leather armour    |    16 |    25 |    42 ||    83
Dodge: Dodged            |    46 |    96 |   145 ||   287
Block: Buckler           |       |       |     6 ||     6
